Map: Triton LE

Players

TSGSolar (Solar) - Winner!

  • Race: Zerg Zerg
  • League: Master
  • Spawn Location: 5:00

SpeCial

  • Race: Terran Terran
  • League: Master
  • Spawn Location: 11:00

VOD

Have the link to the VOD?

Description

Time

  • Played on: Jan. 7, 2020, 6:37 p.m.
  • Length: 12:12
Show
View Real Time Build Order
Export as new Build Order

TSGSolar Zerg - Winner!

Build Orders: Hatch First, Swarm Host 

Get SALT Encoding   

  12  0:01  Drone  
  13  0:12  Overlord  
  13  0:17  Drone  
  14  0:31  Drone x2  
  16  0:48  Hatchery  
  15  0:51  Drone  
  15  0:54  Drone  
  17  0:58  Drone  
  18  1:09  Extractor  
  17  1:13  Spawning Pool  
  17  1:16  Drone  
  17  1:20  Drone  
  18  1:28  Drone  
  19  1:40  Drone  
  20  1:53  Overlord  
  20  1:59  Queen x2  
  20  2:00  Zergling x2  
  20  2:01  Zergling x2  
  26  2:12  Drone x2  
  28  2:22  Hatchery  
  27  2:29  Spore Crawler  
  26  2:32  Metabolic Boost  
  26  2:33  Drone  
  26  2:37  Drone  
  29  2:44  Queen  
  29  2:48  Drone  
  29  2:49  Overlord  
  32  2:53  Drone  
  32  2:55  Drone  
  34  2:58  Drone  
  34  3:01  Drone  
  36  3:09  Drone x4  
  36  3:11  Drone  
  41  3:20  Queen  
  41  3:21  Overlord  
  41  3:23  Drone  
  44  3:31  Overlord  
  44  3:34  Queen  
  44  3:35  Drone  
  47  3:42  Drone x2  
  47  3:43  Zergling x2  
  47  3:44  Zergling x2  
  47  3:45  Drone x2  
  53  3:50  Overlord  
  53  3:53  Drone x3  
  53  3:55  Drone  
  57  3:59  Drone x2  
  57  4:01  Queen  
  61  4:04  Drone  
  61  4:08  Drone  
  63  4:11  Drone  
  63  4:14  Overlord  
  64  4:17  Lair  
  64  4:18  Drone  
  64  4:23  Drone  
  65  4:25  Roach Warren  
  65  4:26  Drone  
  65  4:29  Drone  
  65  4:30  Drone x3  
  69  4:33  Extractor  
  69  4:34  Extractor, Overlord  
  69  4:37  Drone  
  68  4:40  Zergling x2  
  68  4:41  Zergling x2  
  68  4:42  Overlord  
  70  4:46  Spore Crawler, Drone x4  
  70  4:47  Zergling x2  
  70  4:49  Queen  
  70  4:52  Zergling x4  
  78  4:54  Overlord  
  78  4:58  Spore Crawler  
  78  4:59  Overlord  
  77  5:06  Roach x2  
  81  5:09  Spore Crawler, Roach  
  81  5:10  Extractor, Roach  
  81  5:11  Extractor  
  81  5:12  Drone x3  
  85  5:14  Drone x3  
  85  5:16  Drone  
  89  5:22  Zergling x8  
  89  5:25  Overlord  
  89  5:29  Drone  
  89  5:33  Drone  
  89  5:35  Spire  
  88  5:36  Drone  
  88  5:42  Drone  
  88  5:43  Drone x3  
  88  5:44  Glial Reconstitution  
  88  5:47  Overseer, Overlord  
  91  5:52  Drone x4  
  91  5:54  Extractor  
  94  6:01  Overlord  
  94  6:02  Roach  
  96  6:06  Roach x2  
  100  6:12  Overlord  
  100  6:13  Overseer  
  100  6:17  Drone x5  
  100  6:24  Drone x3  
  100  6:25  Drone  
  98  6:26  Drone  
  98  6:30  Drone  
  99  6:47  Drone  
  99  6:48  Mutalisk x6  
  99  6:52  Roach  
  99  6:53  Roach x2  
  117  6:59  Roach x2  
  118  7:02  Drone x2  
  118  7:03  Drone x2  
  119  7:13  Drone x2  
  119  7:14  Drone x2  
  121  7:20  Hatchery  
  121  7:21  Overlord  
  118  7:23  Roach  
  118  7:24  Roach x3  
  118  7:29  Evolution Chamber  
  121  7:30  Evolution Chamber, Overlord  
  121  7:36  Roach x4  
  121  7:37  Roach, Infestation Pit  
  130  7:42  Roach x5  
  135  7:45  Overlord  
  135  7:47  Drone  
  135  7:48  Drone  
  135  7:49  Drone  
  136  7:52  Drone  
  136  7:54  Drone  
  136  7:56  Drone  
  136  7:57  Zerg Ground Armor Level 1, Zerg Missile Weapons Level 1  
  135  7:59  Drone  
  135  8:01  Drone  
  135  8:03  Drone  
  138  8:06  Drone  
  138  8:07  Extractor x2, Drone  
  138  8:09  Drone  
  138  8:12  Drone  
  138  8:16  Drone  
  138  8:17  Drone x3  
  134  8:24  Drone  
  134  8:26  Drone x2  
  129  8:34  Drone  
  129  8:35  Swarm Host x7  
  129  8:41  Swarm Host  
  153  8:49  Swarm Host x2  
  153  8:51  Overlord x2  
  153  8:52  Overlord x2  
  153  8:55  Nydus Network, Drone  
  159  8:58  Overlord  
  159  9:00  Overlord  
  159  9:03  Overlord  
  159  9:05  Overlord  
  157  9:11  Corruptor x5  
  157  9:16  Corruptor  
  167  9:17  Drone x2  
  167  9:21  Roach x2  
  173  9:25  Roach x2  
  173  9:30  Swarm Host x2  
  183  9:34  Nydus Canal  
  183  9:36  Swarm Host  
  186  9:39  Roach x3  
  192  9:48  Roach x2  
  196  9:53  Ravager x2  
  196  9:59  Roach x2  
  198  10:08  Hatchery  
  198  10:10  Drone  
  198  10:11  Drone  
  198  10:13  Spine Crawler x2  
  198  10:14  Ravager x2  
  198  10:16  Nydus Canal  
  198  10:19  Zergling x10  
  198  10:20  Zergling x8  
  198  10:30  Roach, Nydus Canal  
  200  10:38  Hive  
  199  10:58  Roach x2  
  199  11:09  Corruptor x4  
  198  11:11  Corruptor x2  
  198  11:12  Corruptor  
  198  11:14  Roach x2  
  197  11:20  Roach  
  197  11:21  Roach  
  199  11:38  Drone  
  199  11:51  Spine Crawler  
  198  11:54  Spine Crawler  
  198  11:55  Extractor  
  198  11:57  Nydus Canal  
  198  11:59  Extractor  
Show
View Real Time Build Order
Export as new Build Order

SpeCial Terran 

Build Orders: Reaper Expand, Mech 

Get SALT Encoding   

  12  0:00  SCV  
  13  0:12  SCV  
  14  0:17  Supply Depot  
  14  0:24  SCV  
  15  0:38  SCV  
  15  0:40  Barracks  
  16  0:43  Refinery  
  16  0:50  SCV  
  17  1:02  SCV  
  18  1:14  SCV  
  19  1:27  Orbital Command, Reaper  
  20  1:38  Command Center  
  20  1:51  Supply Depot  
  20  1:53  SCV  
  21  1:59  Marine  
  22  2:02  Factory  
  22  2:05  SCV  
  23  2:17  SCV  
  23  2:20  Barracks Reactor  
  24  2:29  SCV  
  25  2:36  Command Center  
  25  2:42  SCV  
  26  2:50  Orbital Command  
  26  2:51  Refinery  
  26  2:54  SCV  
  27  2:59  Starport  
  27  3:04  Marine  
  27  3:05  Marine  
  29  3:06  SCV  
  29  3:12  Hellion  
  32  3:17  SCV  
  32  3:18  SCV  
  34  3:29  SCV  
  34  3:30  SCV  
  36  3:35  Marine  
  36  3:39  Fusion Core  
  36  3:40  Starport Tech Lab  
  37  3:41  SCV  
  37  3:42  Hellion  
  37  3:43  Hellion  
  37  3:44  SCV  
  43  3:49  Supply Depot  
  43  3:52  Orbital Command  
  43  3:54  SCV  
  44  3:56  SCV  
  45  4:06  Hellion x2  
  45  4:07  SCV  
  45  4:08  SCV  
  51  4:12  Supply Depot, Refinery  
  51  4:19  SCV  
  51  4:20  SCV  
  53  4:27  Hellion  
  53  4:28  Hellion  
  56  4:33  SCV x2  
  56  4:34  SCV  
  59  4:40  Battlecruiser  
  59  4:43  Supply Depot  
  59  4:44  Marine  
  66  4:48  SCV  
  66  4:49  SCV x2  
  69  4:55  Hellion x2  
  69  4:59  Armory  
  73  5:03  SCV x2, Orbital Command  
  74  5:10  Refinery  
  74  5:11  Factory  
  74  5:14  Supply Depot  
  74  5:15  SCV x2  
  74  5:18  Hellion  
  74  5:19  Hellion  
  80  5:22  Factory  
  80  5:27  SCV x2  
  74  5:31  SCV  
  75  5:39  SCV x2  
  75  5:40  Supply Depot  
  75  5:42  Hellion x2  
  79  5:43  SCV, Barracks Tech Lab  
  80  5:51  SCV x2  
  80  5:55  SCV  
  81  6:03  SCV x2, Hellion x2  
  86  6:07  SCV  
  86  6:09  Siege Tank  
  89  6:15  SCV  
  89  6:16  SCV  
  89  6:20  SCV  
  89  6:23  Siege Tank  
  89  6:24  Hellion x2  
  91  6:27  SCV  
  91  6:30  SCV  
  91  6:31  Mag-Field Accelerator, Infernal Pre-Igniter  
  92  6:37  SCV  
  92  6:39  SCV, Barracks Reactor  
  94  6:42  SCV, Factory  
  94  6:43  Factory  
  94  6:44  Refinery  
  94  6:45  Refinery  
  95  6:47  Engineering Bay  
  95  6:49  SCV  
  95  6:50  Hellion x2  
  95  6:52  SCV  
  99  6:55  SCV  
  99  6:56  Armory  
  99  6:57  Terran Vehicle Weapons Level 1  
  100  7:01  SCV  
  100  7:04  SCV  
  100  7:08  SCV  
  97  7:12  Hellion x2  
  97  7:13  Cyclone  
  101  7:19  SCV x2  
  101  7:20  SCV  
  100  7:26  Missile Turret  
  100  7:30  Cyclone  
  100  7:31  SCV x2, Factory Tech Lab  
  100  7:32  Missile Turret  
  100  7:33  Missile Turret  
  105  7:37  SCV  
  105  7:44  Hellion x2  
  109  7:49  SCV  
  109  7:52  SCV  
  109  7:54  Hellion  
  109  7:58  Cyclone  
  109  7:59  Terran Vehicle And Ship Armor Level 1  
  109  8:00  SCV  
  109  8:01  SCV  
  109  8:02  Hellion  
  109  8:04  SCV  
  107  8:11  Cyclone  
  107  8:12  SCV  
  108  8:13  SCV, Hellion  
  108  8:16  SCV  
  108  8:24  SCV  
  108  8:26  SCV, Starport Tech Lab  
  104  8:27  Cyclone  
  104  8:30  Cyclone  
  108  8:35  Supply Depot, Command Center  
  108  8:37  Supply Depot  
  108  8:40  Supply Depot  
  108  8:41  Supply Depot  
  108  8:42  SCV  
  108  8:43  Missile Turret  
  108  8:45  Missile Turret  
  109  8:57  SCV, Hellion x3  
  109  8:59  Supply Depot, Battlecruiser, Siege Tank  
  109  9:01  Siege Tank  
  109  9:02  Supply Depot x2  
  128  9:03  Supply Depot  
  128  9:04  Supply Depot x3  
  126  9:12  Hellion  
  126  9:13  SCV x2  
  130  9:19  Hellion x2  
  130  9:20  Starport  
  130  9:21  Starport  
  130  9:22  Weapon Refit  
  134  9:25  SCV  
  134  9:30  Hellion  
  134  9:31  Siege Tank x2  
  143  9:34  Hellion  
  143  9:38  SCV x3  
  148  9:40  Hellion x2  
  148  9:42  Siege Tank  
  149  9:53  SCV x2  
  149  9:54  SCV  
  149  9:59  Refinery  
  150  10:00  Hellion x2  
  150  10:01  Hellion  
  150  10:03  Refinery  
  150  10:06  Starport Tech Lab x2  
  159  10:07  Cyclone  
  159  10:09  SCV x3  
  159  10:12  Missile Turret  
  159  10:13  Missile Turret  
  159  10:18  Planetary Fortress  
  156  10:21  SCV x2  
  156  10:22  Starport Tech Lab  
  156  10:24  Supply Depot  
  147  10:32  Command Center  
  147  10:33  Battlecruiser  
  147  10:35  SCV x3, Sensor Tower  
  156  10:40  Command Center  
  156  10:47  SCV  
  157  10:51  Siege Tank x3  
  157  10:53  Hellion  
  157  10:55  SCV x2  
  146  11:14  SCV  
  145  11:21  Hellion x2  
  145  11:23  Siege Tank  
  148  11:31  SCV x2  
  150  11:38  SCV  
Tags
 
Add a new tag
Caveats
  • Supply blocks, unpowered buildings, or Contaminate may cause inaccurate times.
  • Supply counts are checked every 10 seconds.